Map: Abiogenesis LE

Players

quelfhalas

  • Race: Protoss Protoss
  • League: Silver
  • Spawn Location: 11:00

Wazaji

  • Race: Terran Terran
  • League: Silver
  • Spawn Location: 5:00

VOD

Have the link to the VOD?

Description

Time

  • Played on: May 10, 2018, 7:57 a.m.
  • Length: 5:34
Show
View Real Time Build Order
Export as new Build Order

quelfhalas Protoss 

Build Orders: Oracle Opening 

Get SALT Encoding   

  12  0:03  Probe  
  13  0:16  Probe  
  13  0:18  Pylon  
  14  0:30  Probe  
  15  0:36  Gateway  
  15  0:43  Assimilator  
  15  0:57  Probe  
  16  1:05  Probe  
  17  1:14  Assimilator  
  17  1:15  Probe  
  18  1:25  Cybernetics Core  
  18  1:27  Probe  
  19  1:35  Zealot  
  19  1:39  Probe  
  22  1:51  Probe  
  23  2:03  Warp Gate  
  23  2:14  Nexus  
  23  2:22  Pylon  
  23  2:40  Adept  
  25  2:47  Stargate  
  25  2:53  Probe  
  26  3:02  Adept  
  26  3:04  Probe  
  26  3:12  Probe  
  30  3:20  Probe  
  31  3:30  Probe  
  31  3:32  Probe  
  33  3:41  Probe  
  33  3:43  Oracle  
  33  3:44  Probe  
  38  3:49  Probe  
  39  3:56  Probe  
  39  3:57  Probe  
  39  3:59  Gateway  
  41  4:08  Probe x2  
  41  4:20  Probe  
  42  4:27  Nexus  
  42  4:32  Probe  
  43  4:39  Gateway  
  43  4:40  Gateway  
  43  4:47  Robotics Facility  
  43  5:04  Zealot  
  42  5:21  Probe  
  42  5:22  Assimilator  
Show
View Real Time Build Order
Export as new Build Order

Wazaji Terran 

Build Orders:  

Get SALT Encoding   

  12  0:06  SCV  
  13  0:18  SCV  
  14  0:26  Supply Depot  
  14  0:30  SCV  
  14  0:33  Refinery  
  15  0:48  SCV  
  16  0:50  Barracks  
  16  1:01  SCV  
  17  1:13  SCV  
  17  1:14  Refinery  
  18  1:25  SCV  
  19  1:44  Barracks Reactor  
  19  1:52  Orbital Command  
  19  2:06  Command Center  
  19  2:20  Factory  
  20  2:22  SCV  
  20  2:35  SCV  
  20  2:36  Marine x2  
  23  2:59  Supply Depot  
  23  3:09  Factory Reactor  
  23  3:16  Starport  
  23  3:17  Marine x2  
  23  3:18  SCV  
  26  3:25  Supply Depot  
  26  3:30  SCV  
  27  3:34  Bunker  
  27  3:35  Marine x2  
  27  3:39  Orbital Command  
  29  3:44  SCV  
  30  3:54  Marine x2  
  32  4:00  Widow Mine x2  
  36  4:19  Engineering Bay  
  36  4:22  Fusion Core  
  36  4:23  Starport Tech Lab  
  36  4:32  Marine x2  
  36  4:34  Widow Mine x2  
  40  5:06  SCV  
  41  5:18  SCV  
Tags
 
Add a new tag
Caveats
  • Supply blocks, unpowered buildings, or Contaminate may cause inaccurate times.
  • Supply counts are checked every 10 seconds.